 Dungeon Crawl Stone Soup version 0.31.0-12-g77e489cdc1 (webtiles) character file.

Game seed: 5058889371233676579

40 Cheops the Ruffian (level 3, -3/23 HPs)
             Began as an Octopode Shapeshifter on Feb 23, 2024.
             Killed by divine providence
             ... invoked by an orc priest
              (11 damage)
             ... on level 2 of the Dungeon.
             The game lasted 00:01:42 (830 turns).

Cheops the Ruffian (Octopode Shapeshifter)           Turns: 830, Time: 00:01:43

Health: -3/23      AC:  1    Str: 15    XL:     3   Next: 50%
Magic:  3/3        EV: 13    Int: 12    God:
Gold:   59         SH:  0    Dex: 17    Spells: 2/2 levels left

rFire   . .          .
                       - Unarmed
rCold   . . .        (no shield)
rNeg    . . .        (helmet currently unavailable)
rPois   .            (no amulet)
rElec   .            f - ring of willpower
rCorr   .            e - +6 ring of dexterity
SInv    .            (no ring)
Will    +....        (no ring)
Stlth   +++          (no ring)
HPRegen 0.23/turn    (no ring)
MPRegen 0.08/turn    (no ring)
                     (no ring)

%: no passive effects
@: beast-form
A: beast (slay +1), almost no armour, amphibious, 8 rings, camouflage 1,
gelatinous body 1, (nimble swimmer 1), tentacles
a: Begin Untransformation


You were on level 2 of the Dungeon.
You were a hulking beast.
You visited 1 branch of the dungeon, and saw 2 of its levels.

You collected 59 gold pieces.

Inventory:

Jewellery
 e - a +6 ring of dexterity (right tentacle)
 f - a ring of willpower (left tentacle)
 j - an amulet of magic regeneration
Talismans
 b - a beast talisman (active)
 c - a flux talisman
Scrolls
 d - 2 scrolls of identify {unknown}
 g - a scroll of fear {unknown}
 h - a scroll of vulnerability {unknown}
 i - a scroll of poison {unknown}
 k - a scroll of noise {unknown}
Potions
 a - a potion of lignification


   Skills:
 - Level 1.0 Fighting
 - Level 2.0 Dodging
 + Level 4.4 Unarmed Combat
 - Level 3.0 Shapeshifting


You had 2 spell levels left.
You didn't know any spells.
Your spell library contained the following spells:

 Spells                   Type           Power      Damage    Failure   Level
 Kiss of Death            Conj/Necr      0%         2d5       32%         1
 Confusing Touch          Hex            0%         N/A       69%         3
 Dispel Undead            Necr           0%         3d6       97%         4


Dungeon Overview and Level Annotations

Branches:
Dungeon (2/15)

Altars:


Innate Abilities, Weirdness & Mutations

You are a hulking beast.
Your limbs bulge with bestial killing power. (Slay +1)
You cannot wear most types of armour.
You are amphibious.
You can wear up to eight rings at the same time.
Your skin changes colour to match your surroundings (Stealth+).
Your rubbery body absorbs attacks. (AC +1, EV +1)
((You are camouflaged when in or above water. (Stealth+)))
You have tentacles for arms and can constrict up to eight enemies at once.


Message History

You open the door.
Found a stone staircase leading up.
There is an open door here.
Found a dagger.
Found a stone staircase leading down.
An orc priest comes into view. It is wielding a +0 dagger.
An orc priest is nearby!
An orc priest is nearby!
An orc comes into view. It is wielding a +0 mace.
The orc shouts!
The orc priest shouts!
An orc comes into view. It is wielding a +0 whip.
The orc shouts!
The orc priest mumbles some strange prayers to Beogh against you.
Beogh smites you!
Ouch! That really hurt!
* * * LOW HITPOINT WARNING * * *
An orc wizard comes into view. It is wielding a +0 dagger.
The orc wizard shouts!
You tentacle-slap the orc priest but do no damage.
You grab the orc priest.
You constrict the orc priest, but do no damage.
The orc priest hits you with a +0 dagger.
* * * LOW HITPOINT WARNING * * *
You tentacle-slap the orc priest but do no damage.
You constrict the orc priest, but do no damage.
The orc priest barely misses you.
You tentacle-slap the orc priest but do no damage.
You constrict the orc priest, but do no damage.
You tentacle-slap the orc priest but do no damage.
You squeeze the orc priest!
The orc priest is heavily wounded.
You constrict the orc priest, but do no damage.
The orc priest barely misses you.
You tentacle-slap the orc priest but do no damage.
You tentacle-slap the orc priest.
The orc priest is severely wounded.
You constrict the orc priest, but do no damage.
The orc priest invokes the aid of Beogh against you.
Beogh smites you!
You die...

##################
#.........hoooo...
#.###############.
#.# #.# .######.##
........>#
.####.#.)# #.#..#
#.#..#


You could see an orc priest, an orc wizard and 2 orcs.

Vanquished Creatures
  A gnoll (D:1)
  4 endoplasms
  A giant cockroach (D:1)
  2 goblins (D:1)
  4 hobgoblins
  2 jackals (D:1)
  2 quokkas (D:1)
  3 ball pythons (D:1)
  2 bats (D:1)
  A frilled lizard (D:1)
  4 kobolds
  A rat (D:1)
27 creatures vanquished.

Notes
Turn   | Place    | Note
-------+----------+-------------------------------------------
     0 | D:1      | Cheops the Octopode Shapeshifter began the quest for the
                  | Orb.
     0 | D:1      | Reached XP level 1. HP: 13/13 MP: 1/1
    32 | D:1      | Reached XP level 2. HP: 18/18 MP: 2/2
   169 | D:1      | Reached skill level 4 in Unarmed Combat
   246 | D:1      | Reached XP level 3. HP: 23/23 MP: 3/3
   830 | D:2      | Killed from afar by an orc priest

Illustrated notes

Levels and vault maps discovered:
D:1:      amcnicky_arrival_abandoned_market, layout_rooms
D:2:      layout_basic, minmay_misc_feat_enclosed

Skill      XL: |  1  2 |
---------------+-------+-----
Unarmed Combat | 4 |  4.4
Fighting       | |  1.0
Dodging        | |  2.0
Shapeshifting  | |  3.0

Action                     || total
---------------------------++-------
  Melee: Unarmed           ||    67
         Constrict         ||    12
         Tentacles         ||     8
         Punch             ||     2
Ability: Begin Untransform ||     2
   Stab: Sleeping          ||     5
 Armour: Skin              ||    18
  Dodge: Dodged            ||    48
   Form: Beast             ||     2
